 Dungeon Crawl Stone Soup version 0.24.0 (webtiles) character file.

Game seed: 16095085858640800671, levelgen mode: deterministic

686 Buxparty the Skirmisher (level 7, -7/44 HPs)
             Began as a Gargoyle Fighter on Mar 21, 2020.
             Mangled by an ogre
             ... wielding a +0 giant spiked club
              (18 damage)
             ... on level 5 of the Dungeon.
             The game lasted 00:09:49 (3876 turns).

Buxparty the Skirmisher (Gargoyle Fighter)          Turns: 3876, Time: 00:09:50

Health: -7/44      AC: 15    Str: 21    XL:     7   Next: 62%
Magic:  7/7        EV:  7    Int:  9    God:
Gold:   224        SH:  9    Dex:  9    Spells: 6/6 levels left

rFire    . . .     SeeInvis .   a - +0 long sword
rCold    . . .     Gourm    .   c - +0 shield
rNeg     + . .     Faith    .   b - +0 scale mail
rPois    ∞         Spirit   .   (no helmet)
rElec    +         Reflect  .   s - +0 cloak
rCorr    .         Harm     .   x - +0 pair of gloves
MR       .....                  v - +0 pair of boots
Stlth    ..........             (no amulet)
HPRegen  0.14/turn              n - ring of poison resistance
MPRegen  0.10/turn              (no ring)

@: no status effects
A: negative energy resistance 1, electricity resistance, unbreathing,
petrification resistance, rot immunity, AC +4
a: no special abilities


You were on level 5 of the Dungeon.
You were hungry.

You visited 1 branch of the dungeon, and saw 5 of its levels.

You collected 224 gold pieces.

Inventory:

Hand Weapons
 a - a +0 long sword (weapon)
Armour
 b - a +0 scale mail (worn)
 c - a +0 shield (worn)
 s - a +0 cloak (worn)
 v - a +0 pair of boots (worn)
 x - a +0 pair of gloves (worn)
Jewellery
 n - a ring of poison resistance (left hand)
Scrolls
 e - a scroll of magic mapping {unknown}
 h - 6 scrolls of identify {unknown}
 i - 2 scrolls of enchant armour {unknown}
 j - 3 scrolls of teleportation {unknown}
 m - a scroll of enchant weapon {unknown}
 q - a scroll of remove curse {unknown}
 r - a scroll of fog {unknown}
 w - 2 scrolls of amnesia {unknown}
 y - a scroll of blinking {unknown}
 z - a scroll of fear {unknown}
Potions
 d - a potion of might
 g - 3 potions of curing {unknown}
 k - 2 potions of heal wounds {unknown}
 l - a potion of resistance {unknown}
 o - a potion of brilliance {unknown}
 p - a potion of haste {unknown}
 t - a potion of cancellation {unknown}
 u - a potion of agility {unknown}
Comestibles
 f - 12 rations


   Skills:
 + Level 5.2 Fighting
 * Level 4.9 Long Blades
 + Level 5.1 Armour
 + Level 5.1 Shields


You had 6 spell levels left.
You didn't know any spells.
Your spell library was empty.

Dungeon Overview and Level Annotations

Branches:
Dungeon (5/15)
 Temple: D:4-7

Altars:
Ashenzari
Cheibriados
Elyvilon
Nemelex Xobeh
Trog
Wu Jian
Xom
The Shining One


Innate Abilities, Weirdness & Mutations

You are resistant to torment.
Your stone body is resilient. (AC +4)
You are immune to poison.
You resist negative energy. (rN+)
You are resistant to electric shocks. (rElec)
You can survive without breathing.
You are immune to petrification.
You are immune to rotting.


Message History

You hit the ogre.
The ogre is moderately wounded.
You block the ogre's attack.
You hit the ogre but do no damage.
The ogre is moderately wounded.
You slash the ogre!
The ogre is severely wounded.
The ogre closely misses you.
You hit the ogre but do no damage.
The ogre is severely wounded.
The ogre hits you with a +0 giant spiked club!
* * * LOW HITPOINT WARNING * * *
You are too injured to fight recklessly!
You are too injured to fight recklessly!
You are too injured to fight recklessly!
You are too injured to fight recklessly!
You slash the ogre!
The ogre is almost dead.
The ogre hits you with a +0 giant spiked club!!
You die...

♣.♣
##############.#########
........................
###########..........##
#.####.#...# #.# #.# ..#
#.# #?# ... #.####.# ###
#.....@# #####O## #. #.
#. #. #< #.


You could see an ogre.

Vanquished Creatures
  A centaur (D:5)
  2 scorpions (D:4)
  A howler monkey (D:3)
  A jelly (D:5)
  2 hounds (D:5)
  4 orc priests
  An iguana (D:5)
  A worker ant (D:4)
  A worker ant zombie (D:5)
  4 gnolls (D:3)
  2 adders (D:2)
  2 shadow imps
  7 worms
  4 dart slugs
  3 leopard geckos
  16 orcs
  2 ball pythons
  2 giant cockroaches (D:3)
  4 goblins
  4 hobgoblins
  9 jackals
  7 kobolds
  3 quokkas
  8 bats
  2 frilled lizards
  A jackal zombie (D:5)
  6 rats
100 creatures vanquished.

Vanquished Creatures (others)
  A sky beast (D:5)
1 creature vanquished.

Grand Total: 101 creatures vanquished

Notes
Turn   | Place    | Note
-------+----------+-------------------------------------------
     0 | D:1      | Buxparty the Gargoyle Fighter began the quest for the Orb.
     0 | D:1      | Reached XP level 1. HP: 14/14 MP: 1/1
    60 | D:1      | Reached XP level 2. HP: 19/19 MP: 2/2
   528 | D:1      | Reached XP level 3. HP: 16/23 MP: 3/3
  1227 | D:2      | Reached XP level 4. HP: 18/29 MP: 4/4
  2081 | D:3      | Reached XP level 5. HP: 32/33 MP: 5/5
  2202 | D:3      | Found a sparkling altar of Nemelex Xobeh.
  2202 | D:3      | Found a white marble altar of Elyvilon.
  2204 | D:3      | Found an ornate altar of the Wu Jian Council.
  2204 | D:3      | Found a snail-covered altar of Cheibriados.
  2206 | D:3      | Found a glowing golden altar of the Shining One.
  2207 | D:3      | Found a shattered altar of Ashenzari.
  2296 | D:3      | Reached XP level 6. HP: 33/39 MP: 6/6
  2434 | D:3      | Found a shimmering altar of Xom.
  3301 | D:4      | Reached XP level 7. HP: 44/44 MP: 7/7
  3477 | D:5      | Entered Level 5 of the Dungeon
  3549 | D:5      | Reached skill level 5 in Fighting
  3549 | D:5      | Reached skill level 5 in Shields
  3700 | D:5      | Found a bloodstained altar of Trog.
  3730 | D:5      | Reached skill level 5 in Armour
  3876 | D:5      | Mangled by an ogre

Levels and vault maps discovered:
D:1:      lemuel_arrival_rhombus, layout_basic, serial_curves, eino_curves_03,
          eino_curves_01
D:2:      layout_loops_corners, minmay_misc_feat_ornament,
          kennysheep_small_spiral
D:3:      cheibrodos_helix_gallery, layout_loops_ring,
          grunt_temple_overflow_open, tgw_xom, first_ration
D:4:      layout_basic
D:5:      kb_forest_paths, layout_basic, basic_altar,
          minmay_misc_feat_four_crosses, bloody_trog
